 Dungeon Crawl Stone Soup version 0.29.0-3-gbb0933ed62 (webtiles) character file.

Game seed: 8449215720246932308

18902 Renzlar the Blocker (level 12, -4/98 HPs)
             Began as a Gnoll Fighter on Aug 25, 2022.
             Was a High Priest of Okawaru.
             Slain by a moth of wrath (11 damage)
             ... on level 11 of the Dungeon.
             The game lasted 00:51:14 (12284 turns).

Renzlar the Blocker (Gnoll Fighter)                Turns: 12284, Time: 00:51:15

Health: -4/98      AC: 28    Str: 28    XL:     12   Next: 63%
Magic:  9/23       EV: 15    Int: 18    God:    Okawaru [*****.]
Gold:   148        SH:  8    Dex: 18    Spells: 26/26 levels left

rFire   . . .      SeeInvis .   z - +5 morningstar of Okawaru, Piercing {vorpal, rF- Str+3 Int+9}
rCold   x . .      Faith    .   k - +0 buckler
rNeg    . . .      Spirit   .   m - +5 plate armour "Ceotty" {Dex+6}
rPois   +          Reflect  .   L - +0 helmet
rElec   .          Harm     .   K - +0 cloak
rCorr   +          Rampage  .   (no gloves)
Will    .....                   N - +1 pair of boots {Fly}
Stlth   +.........              (no amulet)
HPRegen 0.26/turn               D - ring of fire
MPRegen 0.18/turn               C - ring of Hospitality {rPois Will- rCorr Str+6 Slay+2}

@: mighty, lethally poisoned (-4 -> -8), heroic, on berserk cooldown, flying,
slowed, studying Necromancy, invisible (expiring), very slow
A: fangs 1, strong nose, distributed training
a: Renounce Religion, Heroism, Finesse, Duel


You were on level 11 of the Dungeon.
You worshipped Okawaru.
Okawaru was extremely pleased with you.
You visited 2 branches of the dungeon, and saw 12 of its levels.

You collected 707 gold pieces.
You spent 559 gold pieces at shops.

Inventory:

Hand Weapons
 a - a +1 war axe of venom
 c - a +0 sling
 r - a +5 long sword
 y - a +3 dagger
 z - the +5 morningstar of Okawaru, Piercing (weapon) {vorpal, rF- Str+3 Int+9}
   (Okawaru gifted it to you on level 9 of the Dungeon)

   It inflicts extra damage upon your enemies.
   Str:       It affects your strength (+3).
   Int:       It affects your intelligence (+9).
   rF:        It makes you vulnerable to fire.
Missiles
 g - 18 poisoned darts (quivered)
 B - a curare-tipped dart
 I - 4 throwing nets
Armour
 b - a +1 scale mail
 k - a +0 buckler (worn)
 m - the +5 plate armour "Ceotty" (worn) {Dex+6}
   (You found it on level 3 of the Dungeon)

   Dex:       It affects your dexterity (+6).
 H - the +1 pair of boots "Tinimunu" {rF+ rC- rN+ Str+5}
   (You found it on level 9 of the Dungeon)

   Str:       It affects your strength (+5).
   rF:        It protects you from fire.
   rC:        It makes you vulnerable to cold.
   rN:        It protects you from negative energy.
 K - a +0 cloak (worn)
 L - a +0 helmet (worn)
 N - a +1 pair of boots of flying (worn)
Jewellery
 u - a ring of positive energy
 C - the ring of Hospitality (right hand) {rPois Will- rCorr Str+6 Slay+2}
   (You took it off a gnoll on level 9 of the Dungeon)

   [ring of strength]

   Str:       It affects your strength (+6).
   Slay:      It affects your accuracy & damage with ranged weapons and melee
   (+2).
   rPois:     It protects you from poison.
   rCorr:     It protects you from acid and corrosion.
   Will:      It decreases your willpower.
 D - a ring of fire (left hand)
 M - the ring of the Foremost Tusks {rElec rPois Will+ Dex+2 SInv}
   (You bought it in a shop on level 7 of the Dungeon)

   [ring of see invisible]

   Dex:       It affects your dexterity (+2).
   rElec:     It insulates you from electricity.
   rPois:     It protects you from poison.
   SInv:      It lets you see invisible.
   Will:      It increases your willpower.
Wands
 n - a wand of flame (4)
 p - a wand of light (10)
 s - a wand of digging (9)
 v - a wand of iceblast (1)
 G - a wand of polymorph (5)
Scrolls
 q - a scroll of magic mapping
 t - 3 scrolls of fear
 x - 6 scrolls of teleportation
 F - a scroll of amnesia
Potions
 d - 2 potions of might
 e - 2 potions of invisibility
 f - a potion of berserk rage
 h - 2 potions of mutation
 i - 2 potions of heal wounds
 j - 7 potions of flight
 l - 5 potions of curing
 o - a potion of brilliance {unknown}
 w - a potion of ambrosia {unknown}
Miscellaneous
 J - a lightning rod (4/4)


   Skills:
 + Level 10.3(15.3) Fighting
 + Level 7.9(12.9) Short Blades
 + Level 7.9(12.9) Long Blades
 + Level 9.2(14.2) Axes
 + Level 7.9(12.9) Maces & Flails
 + Level 7.9(12.9) Polearms
 + Level 7.9(12.9) Staves
 + Level 7.9(12.9) Ranged Weapons
 + Level 7.9(12.9) Throwing
 + Level 10.3(15.3) Armour
 + Level 7.9(12.9) Dodging
 + Level 7.9(12.9) Stealth
 + Level 10.3(15.3) Shields
 + Level 7.9(12.9) Unarmed Combat
 + Level 7.9 Spellcasting
 + Level 6.6 Conjurations
 + Level 6.6 Hexes
 + Level 6.6 Summonings
 + Level 7.4 Necromancy
 + Level 6.6 Translocations
 + Level 6.6 Transmutations
 + Level 6.6 Fire Magic
 + Level 6.6 Ice Magic
 + Level 6.6 Air Magic
 + Level 6.6 Earth Magic
 + Level 6.6 Poison Magic
 + Level 8.7 Invocations
 + Level 7.9 Evocations


You had 26 spell levels left.
You didn't know any spells.
Your spell library contained the following spells:

 Spells                   Type           Power      Damage    Failure   Level
 Magic Dart               Conj           100%       1d8       4%          1
 Blink                    Tloc           60%        N/A       7%          2
 Ensorcelled Hibernation  Hex/Ice        60%        N/A       7%          2
 Passwall                 Tmut/Erth      25%        N/A       7%          2
 Static Discharge         Conj/Air       60%        3-7/arc   7%          2
 Lesser Beckoning         Tloc           30%        N/A       13%         3
 Mephitic Cloud           Conj/Pois/Air  30%        N/A       13%         3
 Swiftness                Air            30%        N/A       13%         3
 Dispel Undead            Necr           33%        3d14      32%         4
 Fulminant Prism          Conj/Hex       15%        3d11      41%         4
 Hailstorm                Conj/Ice       30%        3d8       41%         4
 Ice Form                 Ice/Tmut       30%        N/A       41%         4
 Iskenderun's Mystic Bla  Conj/Tloc      30%        2d8       41%         4
 Leda's Liquefaction      Hex/Erth       15%        N/A       41%         4
 Passage of Golubria      Tloc           30%        N/A       41%         4
 Sticky Flame             Conj/Fire      46%        2d6       41%         4
 Lee's Rapid Deconstruct  Erth           15%        3d11*     77%         5
 Manifold Assault         Tloc           30%        N/A       77%         5
 Yara's Violent Unravell  Hex/Tmut       15%        3d8       77%         5
 Statue Form              Tmut/Erth      20%        N/A       100%        6
 Call Imp                 Summ           Unusable   N/A       N/A         2
 Tukima's Dance           Hex            Unusable   N/A       N/A         3
 Simulacrum               Ice/Necr       Unusable   N/A       N/A         6

Dungeon Overview and Level Annotations

Branches:
Dungeon (11/15)            Temple (1/1) D:5
   Lair: D:8-11         Orc: D:9-12

Altars:
Ashenzari
Cheibriados
Dithmenos
Elyvilon
Fedhas
Gozag
Hepliaklqana
Kikubaaqudgha
Makhleb
Nemelex Xobeh
Okawaru
Qazlal
Ru
Sif Muna
Trog
Uskayaw
Vehumet
Wu Jian
Xom
Yredelemnul
Zin
The Shining One

Shops:
D:7 =

Annotations:
D:11 1 transporter


Innate Abilities, Weirdness & Mutations

You have very sharp teeth.
Your uncanny sense of smell can sniff out nearby items.
Your experience applies equally to all skills.


Message History

Zeld's ghost closely misses you. The tengu warrior closely misses you.
The tengu warrior pecks you but does no damage.
The tengu warrior claws you but does no damage.
You block the two-headed ogre's attack. The two-headed ogre closely misses you.
Zeld's ghost points at you and mumbles some strange words.
The magic dart hits you but does no damage.
The tengu warrior misses you.
The tengu warrior pecks you but does no damage.
The tengu warrior barely misses you.
You catch the helpless Zeld's ghost completely off-guard!
You bludgeon Zeld's ghost!!
Zeld's ghost is heavily damaged.
You feel very sick.
The two-headed ogre hits you with a +0 giant club!!
You block the two-headed ogre's attack.
Zeld's ghost hits you but does no damage.
The two-headed ogre closely misses you. x2; The two-headed ogre misses you.
The two-headed ogre barely misses you.
Unknown command.
You catch the helpless Zeld's ghost completely off-guard!
You bludgeon Zeld's ghost!!
Zeld's ghost is almost destroyed.
You feel very sick. Zeld's ghost closely misses you.
The two-headed ogre hits you with a +0 giant club!
* * * LOW HITPOINT WARNING * * *
The two-headed ogre hits you but does no damage.
The two-headed ogre hits you with a +0 antimagic giant spiked club.
* * * LOW HITPOINT WARNING * * *
You feel your power leaking away. The two-headed ogre barely misses you.
Unknown command.
Unknown command.
You thump Zeld's ghost!
You destroy Zeld's ghost!
Okawaru accepts your kill.
You feel sick. You block the moth of wrath's attack.
The two-headed ogre misses you. The two-headed ogre closely misses you.
The moth of wrath bites you!
You die...

..........###.y.###...#..#
....#.#..###......##†.(.#
.....#...#####...###....#
....##..##.#≈#..#####...#
....##..#..##(?$§#..#...###..
....##..#....._.##..#.....#..
..####..#...#...Q...#........
........##..# #OyO.##..##...#
..####...#..###.@..#........#
.# #...####.)...##.........
##...###.©.###..........
#......#####...........!
##..#....©.........>....
#..###..................
##.##........#..........
#.#...##....##.........
....######...#.........


You could see a tengu warrior (unable to see you), 2 two-headed ogres and a moth
of wrath (unable to see you).

Vanquished Creatures
  The ghost of Zeld the Destroyer, a journeyman DrCj of Gozag (D:11)
  A boulder beetle (D:11)
  Harold (D:10)
  2 hydras
  A centaur warrior (D:9)
  A two-headed ogre (D:10)
  Pikel (D:7)
  A deep elf pyromancer (D:9)
  2 ugly things (D:9)
  A cyclops (D:11)
  A manticore (D:9)
  Maurice (D:10)
  A komodo dragon (D:11)
  An unseen horror (D:10)
  A tengu conjurer (D:9)
  A troll (D:11)
  A vampire (D:8)
  A wyvern (D:10)
  A shadow (D:11)
  A wraith (D:8)
  2 steam dragons (D:7)
  22 yaks
  Menkaure (D:7)
  An acid dragon (D:10)
  A water moccasin (D:8)
  Duvessa (D:5)
  5 orc warriors
  5 sky beasts
  2 ogres (D:5)
  2 ice beasts (D:7)
  2 centaurs (D:8)
  2 lemures (D:7)
  A phantom (D:7)
  3 kobold brigands
  Blork the orc (D:4)
  4 bullfrogs
  A gnoll sergeant (D:10)
  3 necrophages
  5 scorpions
  5 wights (D:7)
  Dowan (D:5)
  14 killer bees
  2 howler monkeys
  4 jellies
  4 orc priests
  3 gnoll boudas
  A hound (D:7)
  3 iguanas
  10 orc wizards
  11 gnolls
  6 adders
  A shadow imp (D:5)
  2 white imps
  An ufetubus (D:7)
  2 worms
  3 dart slugs
  33 orcs
  A bat (D:2)
  5 endoplasms
  2 giant cockroaches
  8 goblins
  2 hobgoblins
  10 jackals
  13 kobolds
  3 quokkas
  8 ball pythons
  A frilled lizard (D:1)
  5 rats
250 creatures vanquished.

Vanquished Creatures (others)
  2 killer bees (D:10)
  An orc wizard (D:5)
  35 plants (D:11)
  5 toadstools (D:1)
43 creatures vanquished.

Grand Total: 293 creatures vanquished

Notes
Turn   | Place    | Note
-------+----------+-------------------------------------------
     0 | D:1      | Renzlar the Gnoll Fighter began the quest for the Orb.
     0 | D:1      | Reached XP level 1. HP: 23/23 MP: 1/1
   107 | D:1      | Reached XP level 2. HP: 29/29 MP: 2/2
   201 | D:1      | Reached XP level 3. HP: 19/35 MP: 2/4
   455 | D:1      | Reached skill level 1 in Invocations
   863 | D:2      | Reached skill level 1 in Short Blades
   863 | D:2      | Reached skill level 1 in Long Blades
   863 | D:2      | Reached skill level 1 in Maces & Flails
   863 | D:2      | Reached skill level 1 in Polearms
   863 | D:2      | Reached skill level 1 in Staves
   863 | D:2      | Reached skill level 1 in Ranged Weapons
   863 | D:2      | Reached skill level 1 in Throwing
   863 | D:2      | Reached skill level 1 in Dodging
   863 | D:2      | Reached skill level 1 in Stealth
   863 | D:2      | Reached skill level 1 in Unarmed Combat
   863 | D:2      | Reached skill level 1 in Spellcasting
   863 | D:2      | Reached skill level 1 in Evocations
   966 | D:2      | Found a faded altar of an unknown god.
  1001 | D:2      | Reached XP level 4. HP: 39/41 MP: 5/5
  1568 | D:3      | Reached skill level 1 in Conjurations
  1568 | D:3      | Reached skill level 1 in Hexes
  1568 | D:3      | Reached skill level 1 in Summonings
  1568 | D:3      | Reached skill level 1 in Necromancy
  1568 | D:3      | Reached skill level 1 in Translocations
  1568 | D:3      | Reached skill level 1 in Transmutations
  1568 | D:3      | Reached skill level 1 in Fire Magic
  1568 | D:3      | Reached skill level 1 in Ice Magic
  1568 | D:3      | Reached skill level 1 in Air Magic
  1568 | D:3      | Reached skill level 1 in Earth Magic
  1568 | D:3      | Reached skill level 1 in Poison Magic
  1861 | D:3      | Identified the +5 plate armour "Ceotty" {Dex+6}
  2195 | D:4      | Found a snail-covered altar of Cheibriados.
  2203 | D:4      | Found a blossoming altar of Fedhas.
  2203 | D:4      | Found a bloodstained altar of Trog.
  2206 | D:4      | Noticed a scorpion
  2212 | D:4      | Killed a scorpion
  2213 | D:4      | Reached XP level 5. HP: 47/47 MP: 5/7
  2266 | D:4      | Noticed Blork the orc
  2276 | D:4      | Killed Blork the orc
  2277 | D:4      | Reached XP level 6. HP: 44/53 MP: 8/8
  2500 | D:4      | Reached skill level 5 in Axes
  3418 | D:5      | Entered Level 5 of the Dungeon
  3495 | D:5      | Reached XP level 7. HP: 15/60 MP: 10/10
  3873 | D:5      | Found a staircase to the Ecumenical Temple.
  3882 | Temple   | Entered the Ecumenical Temple
  3889 | Temple   | Became a worshipper of Warmaster Okawaru
  3980 | D:5      | Noticed Duvessa
  3980 | D:5      | Noticed Dowan
  3990 | D:5      | Killed Duvessa
  3998 | D:5      | Killed Dowan
  3998 | D:5      | Reached * piety under Okawaru
  3999 | D:5      | Reached XP level 8. HP: 55/67 MP: 12/12
  5020 | D:6      | Reached ** piety under Okawaru
  5100 | D:6      | Found a glowing golden altar of the Shining One.
  5271 | D:6      | Found a stormy altar of Qazlal.
  5349 | D:7      | Reached XP level 9. HP: 68/73 MP: 14/14
  5350 | D:7      | Found a shadowy altar of Dithmenos.
  5763 | D:7      | Found Famiggey's Jewellery Shoppe.
  6036 | D:7      | Noticed Menkaure
  6053 | D:7      | Killed Menkaure
  6053 | D:7      | Reached *** piety under Okawaru
  6299 | D:7      | Identified the +8 rapier "Heonob" {vorpal, Fragile rElec
                  | rN++}
  6322 | D:7      | Reached skill level 5 in Invocations
  6779 | D:7      | Reached skill level 5 in Conjurations
  6779 | D:7      | Reached skill level 5 in Hexes
  6779 | D:7      | Reached skill level 5 in Summonings
  6779 | D:7      | Reached skill level 5 in Necromancy
  6779 | D:7      | Reached skill level 5 in Translocations
  6779 | D:7      | Reached skill level 5 in Transmutations
  6779 | D:7      | Reached skill level 5 in Fire Magic
  6779 | D:7      | Reached skill level 5 in Ice Magic
  6779 | D:7      | Reached skill level 5 in Air Magic
  6779 | D:7      | Reached skill level 5 in Earth Magic
  6779 | D:7      | Reached skill level 5 in Poison Magic
  6779 | D:7      | Reached XP level 10. HP: 83/83 MP: 16/19
  6994 | D:8      | Noticed Pikel
  7021 | D:7      | Killed Pikel
  7021 | D:7      | Reached **** piety under Okawaru
  7022 | D:7      | Reached XP level 11. HP: 72/89 MP: 20/20
  7125 | D:8      | Found a burning altar of Makhleb.
  7148 | D:8      | Upgraded the game from 0.29.0 to 0.29.0-3-gbb0933ed62
  8043 | D:8      | Received a gift from Okawaru
  8362 | D:9      | Noticed a centaur warrior
  8381 | D:9      | Killed a centaur warrior
  8381 | D:9      | Received a gift from Okawaru
  8541 | D:9      | Noticed a manticore
  8551 | D:9      | Killed a manticore
  8891 | D:9      | Identified the ring of Hospitality {rPois Will- rCorr Str+6
                  | Slay+2}
  9031 | D:9      | Received a gift from Okawaru
  9201 | D:9      | Identified the +1 pair of boots "Tinimunu" {rF+ rC- rN+
                  | Str+5}
  9224 | D:9      | Noticed a red ugly thing
  9224 | D:9      | Noticed a purple ugly thing
  9257 | D:9      | Reached ***** piety under Okawaru
  9274 | D:9      | Killed a cyan ugly thing
  9282 | D:9      | Killed a cyan ugly thing
  9595 | D:9      | Identified the +5 morningstar of Okawaru, Piercing {vorpal,
                  | rF- Str+3 Int+9} (Okawaru gifted it to you on level 9 of
                  | the Dungeon)
  9595 | D:9      | Received a gift from Okawaru
 10001 | D:9      | Noticed a deep elf pyromancer
 10008 | D:9      | Killed a deep elf pyromancer
 10218 | D:10     | Entered Level 10 of the Dungeon
 10284 | D:10     | Reached XP level 12. HP: 94/97 MP: 22/22
 10538 | D:10     | Noticed Harold
 10551 | D:10     | Killed Harold
 10552 | D:10     | Reached skill level 10 in Fighting
 10552 | D:10     | Reached skill level 10 in Armour
 10552 | D:10     | Reached skill level 10 in Shields
 10696 | D:10     | Noticed a two-headed ogre
 10703 | D:10     | Killed a two-headed ogre
 10998 | D:10     | Noticed Maurice
 11033 | D:10     | Killed Maurice
 11356 | D:7      | Bought the ring of the Foremost Tusks {rElec rPois Will+
                  | Dex+2 SInv} for 559 gold pieces
 11486 | D:11     | Noticed an eight-headed hydra
 11505 | D:10     | Killed an eight-headed hydra
 11505 | D:10     | Received a gift from Okawaru
 11875 | D:11     | Noticed a boulder beetle
 11885 | D:11     | Killed a boulder beetle
 11945 | D:11     | Noticed a four-headed hydra
 11953 | D:11     | Killed a four-headed hydra
 12029 | D:11     | Found a transporter.
 12032 | D:11     | Found a transporter.
 12040 | D:11     | Found a bloodstained altar of Trog.
 12040 | D:11     | Noticed a two-headed ogre
 12041 | D:11     | Noticed Zeld's ghost (journeyman DrCj)
 12042 | D:11     | Noticed a tengu warrior
 12043 | D:11     | Noticed a two-headed ogre
 12284 | D:11     | Killed Zeld's ghost
 12284 | D:11     | Slain by a moth of wrath

Illustrated notes

Levels and vault maps discovered:
D:1:      ldierk_walled_garden, layout_basic, minmay_ruptured
D:2:      layout_basic, chequers_ecumenical_altar_island
D:3:      layout_basic, serial_bayou_lake_a
D:4:      layout_basic, grunt_temple_overflow_open, uniq_blork_the_orc
D:5:      layout_basic, minmay_temple_entry_arrows, uniq_duvessa
D:6:      layout_rooms, nicolae_qazlal_eye_of_the_storm, kennysheep_little_box,
          serial_bayou_pond_e
D:7:      minmay_bubble_buster, layout_basic, lemuel_round_altar, serial_shops,
          nicolae_shop_hallway_stairs, uniq_menkaure
D:8:      layout_cave_pools, lemuel_tele_altar, st_stairs_13,
          minmay_splitting_lines, uniq_pikel
D:9:      minmay_the_grid_four_pointed_star
          [minmay_the_grid_triangle_9x9_swiss_cheese,
          minmay_the_grid_triangle_9x9_checkered,
          minmay_the_grid_triangle_9x9_empty,
          minmay_the_grid_triangle_9x9_corrupted_corridor,
          minmay_the_grid_prize_shrinking_boxes], layout_basic, minmay_librarian
D:10:     layout_loops_ring, glass_columns_b, uniq_harold, uniq_maurice
D:11:     layout_cave_pools, david_lair_shrubbed,
          gammafunk_ghost_wrathful_warriors
Temple:   minmay_freezing_vapour_temple

Skill      XL: |  1  2  3  4  5  6  7  8  9 10 11 12 |
---------------+-------------------------------------+-----
Invocations    | 1 2 3 4 6 7 8 |  8.7
Short Blades   | 1 2 3 6 7 |  7.9
Long Blades    | 1 2 3 6 7 |  7.9
Maces & Flails | 1 2 3 6 7 |  7.9
Polearms       | 1 2 3 6 7 |  7.9
Staves         | 1 2 3 6 7 |  7.9
Ranged Weapons | 1 2 3 6 7 |  7.9
Throwing       | 1 2 3 6 7 |  7.9
Dodging        | 1 2 3 6 7 |  7.9
Stealth        | 1 2 3 6 7 |  7.9
Unarmed Combat | 1 2 3 6 7 |  7.9
Spellcasting   | 1 2 3 6 7 |  7.9
Evocations     | 1 2 3 6 7 |  7.9
Conjurations   | 1 2 3 5 6 |  6.6
Hexes          | 1 2 3 5 6 |  6.6
Summonings     | 1 2 3 5 6 |  6.6
Necromancy     | 1 2 3 5 6 7 |  7.4
Translocations | 1 2 3 5 6 |  6.6
Transmutations | 1 2 3 5 6 |  6.6
Fire Magic     | 1 2 3 5 6 |  6.6
Ice Magic      | 1 2 3 5 6 |  6.6
Air Magic      | 1 2 3 5 6 |  6.6
Earth Magic    | 1 2 3 5 6 |  6.6
Poison Magic   | 1 2 3 5 6 |  6.6
Axes           | 5 6 7 8 9 |  9.2
Fighting       | 7 9 10 | 10.3
Armour         | 7 9 10 | 10.3
Shields        | 7 9 10 | 10.3

Action                   |  1- 3 |  4- 6 |  7- 9 | 10-12 || total
-------------------------+-------+-------+-------+-------++-------
Melee: War axe           |    51 |   101 |   214 |   251 ||   617
       Bite              |     1 |     6 |    34 |    66 ||   107
       Mace              |       |       |     4 |       ||     4
       Morningstar       |       |       |       |   107 ||   107
       Long sword        |       |       |       |    32 ||    32
 Fire: Sling             |    14 |    78 |    65 |    93 ||   250
Throw: Dart              |       |     2 |       |     6 ||     8
Invok: Heroism           |       |       |     1 |     3 ||     4
Evoke: Wand              |       |     4 |       |     1 ||     5
  Use: Scroll            |     5 |     7 |     8 |     6 ||    26
       Potion            |       |       |     1 |     5 ||     6
 Stab: Invisible         |       |       |       |     6 ||     6
Armor: Scale mail        |    18 |    11 |       |       ||    29
       Plate armour      |       |    83 |   133 |   268 ||   484
Dodge: Dodged            |    15 |    34 |    44 |   176 ||   269
Block: Buckler           |    11 |    32 |    56 |   130 ||   229
